 Dungeon Sprint DCSS version 0.24.1-14-gf8d2b509d9 (webtiles) character file.

Game seed: 1533796034655634876, levelgen mode: deterministic

3078 Baz the Cleaver (level 10, -5/86 HPs)
             Began as a Formicid Fighter on Sept 26, 2020.
             Was a High Priest of Okawaru.
             Killed from afar by Josephine (27 damage)
             ... with a ghostly fireball
             ... in the Dungeon (Sprint VII: "The Pits").
             The game lasted 00:05:31 (1308 turns).

Baz the Cleaver (Formicid Fighter)                  Turns: 1308, Time: 00:05:32

Health: -5/86      AC: 17    Str: 25    XL:     10   Next: 12%
Magic:  12/18      EV: 13    Int: 10    God:    Okawaru [*****.]
Gold:   0          SH: 14    Dex: 10    Spells: 9/9 levels left

rFire    . . .     SeeInvis +   s - +2 war axe (chop)
rCold    . . .     Gourm    .   c - +0 shield
rNeg     . . .     Faith    .   u - +4 chain mail
rPois    .         Spirit   .   (helmet unavailable)
rElec    .         Reflect  .   (no cloak)
rCorr    .         Harm     .   (no gloves)
MR       +....                  (no boots)
Stlth    ..........             (no amulet)
HPRegen  0.24/turn              b - +3 ring of evasion
MPRegen  0.16/turn              k - +3 ring of intelligence

@: lethally poisoned (-5 -> -6), heroism, finesse, drained
A: permanent stasis, dig shafts and tunnels, four strong arms, antennae 3
a: Dig, Heroism, Finesse, Renounce Religion


You were in the Dungeon.
You worshipped Okawaru.
Okawaru was extremely pleased with you.
You were hungry.

You visited 1 branch

Inventory:

Hand Weapons
 a - a +0 war axe
 l - a +2 hand axe
 s - a +2 war axe of chopping (weapon)
Armour
 c - a +0 shield (worn)
 q - a +3 chain mail
 r - a +3 scale mail
 u - a +4 chain mail (worn)
Jewellery
 b - a +3 ring of evasion (left hand)
 k - a +3 ring of intelligence (right hand)
Scrolls
 n - 3 scrolls of remove curse
 o - 5 scrolls of amnesia
 p - a scroll of summoning
Potions
 d - a potion of might
 e - 5 potions of curing
 g - 12 potions of heal wounds
 h - 2 potions of haste
 i - 4 potions of magic
 j - 3 potions of berserk rage
 m - a potion of invisibility
 t - 2 potions of agility
Comestibles
 f - 9 rations


   Skills:
 + Level 10.7(14.2) Fighting
 * Level 12.8(16.3) Axes
 + Level 10.5(14.0) Armour
 + Level 11.4(14.9) Shields
 + Level 10.7(9.4) Invocations


You had 9 spell levels left.
You didn't know any spells.
Your spell library was empty.

Dungeon Overview and Level Annotations

Branches:
Dungeon (1/1)

Altars:
Ashenzari
Cheibriados
Dithmenos
Elyvilon
Fedhas
Gozag
Hepliaklqana
Kikubaaqudgha
Makhleb
Nemelex Xobeh
Okawaru
Qazlal
Ru
Sif Muna
Trog
Uskayaw
Vehumet
Wu Jian
Xom
Yredelemnul
Zin
The Shining One
Beogh
Jiyva
Lugonu

Annotations:
D Josephine


Innate Abilities, Weirdness & Mutations

You cannot be hasted, slowed, berserked, paralysed or teleported.
You can dig through walls and to a lower floor.
Your four strong arms can wield two-handed weapons with a shield.
You have a pair of large antennae on your head. (SInv)


Message History

Josephine is moderately wounded.
You feel sick.
Unknown command.
You hit Josephine.
Josephine is heavily wounded.
Unknown command.
You slash Josephine!
Josephine is severely wounded.
You block Josephine's attack.
You closely miss Josephine.
Josephine is severely wounded.
Unknown command.
You hit Josephine.
Josephine is severely wounded.
You slash Josephine!
Josephine is almost dead.
Josephine casts a spell at you.
The ghostly flame explodes!
The ghostly fireball engulfs you!!
You feel drained.
You die...

###'##................#
))'.##......#..#......#
###.##................+
.....'................+
'#####......#..#......#
....##................#
###)#####'#####''#####
...†##.......##†'###
....##.......##.@..#
#†####.......##.@.##
....##...<...##..## {
....##.......##..#
....##.......##..+
######.......##.##
.#..############
.#)###########
.#)#....#..[.# {


You could see Josephine.

Vanquished Creatures
  A swamp dragon (D)
  2 deep elf magi (D)
  A bog body (D)
  Prince Ribbit (D)
  A dream sheep (D)
  5 wraiths (D)
  A hungry ghost (D)
  2 floating eyes (D)
  A sky beast (D)
  2 orc wizards (D)
  An orc priest (D)
  A gnoll shaman (D)
  2 iguanas (D)
  A mummy (D)
  3 gnolls (D)
  2 leopard geckos (D)
  An orc (D)
  A bat (D)
  A giant cockroach (D)
  3 jackals (D)
  A kobold (D)
  A quokka (D)
35 creatures vanquished.

Vanquished Creatures (others)
  A kobold (D)
1 creature vanquished.

Grand Total: 36 creatures vanquished

Notes
Turn   | Place    | Note
-------+----------+-------------------------------------------
     0 | D        | Baz the Formicid Fighter began the quest for the Orb.
     0 | D        | Reached XP level 1. HP: 18/18 MP: 1/1
    47 | D        | Found a bloodstained altar of Trog.
    47 | D        | Found a shimmering blue altar of Sif Muna.
    47 | D        | Found a viscous altar of Jiyva.
    47 | D        | Found a hazy altar of Hepliaklqana.
    47 | D        | Found an opulent altar of Gozag.
    48 | D        | Found a glowing golden altar of the Shining One.
    48 | D        | Found a glowing silver altar of Zin.
    48 | D        | Found a basalt altar of Yredelemnul.
    48 | D        | Found a shimmering altar of Xom.
    48 | D        | Found an ornate altar of the Wu Jian Council.
    48 | D        | Found a sacrificial altar of Ru.
    48 | D        | Found a stormy altar of Qazlal.
    48 | D        | Found an iron altar of Okawaru.
    48 | D        | Found a sparkling altar of Nemelex Xobeh.
    48 | D        | Found a burning altar of Makhleb.
    48 | D        | Found a blossoming altar of Fedhas.
    48 | D        | Found a white marble altar of Elyvilon.
    48 | D        | Found a shadowy altar of Dithmenos.
    48 | D        | Found a snail-covered altar of Cheibriados.
    49 | D        | Found a radiant altar of Vehumet.
    49 | D        | Found a corrupted altar of Lugonu.
    49 | D        | Found a roughly hewn altar of Beogh.
    50 | D        | Found a hide-covered altar of Uskayaw.
    50 | D        | Found an ancient bone altar of Kikubaaqudgha.
    50 | D        | Found a shattered altar of Ashenzari.
    54 | D        | Became a worshipper of Warmaster Okawaru
    66 | D        | Noticed a floating eye
    71 | D        | Killed a floating eye
    71 | D        | Reached * piety under Okawaru
    71 | D        | Reached ** piety under Okawaru
    71 | D        | Reached skill level 5 in Fighting
    71 | D        | Reached skill level 5 in Axes
    71 | D        | Reached skill level 5 in Armour
    71 | D        | Reached skill level 5 in Shields
    71 | D        | Reached XP level 2. HP: 27/27 MP: 1/5
    71 | D        | Reached XP level 3. HP: 33/33 MP: 1/6
    71 | D        | Reached XP level 4. HP: 39/39 MP: 1/7
    71 | D        | Reached XP level 5. HP: 44/44 MP: 1/8
    72 | D        | Noticed a floating eye
    77 | D        | Killed a floating eye
    77 | D        | Reached skill level 6 in Axes
    77 | D        | Reached skill level 5 in Invocations
    77 | D        | Reached XP level 6. HP: 52/52 MP: 1/9
   182 | D        | Reached skill level 7 in Axes
   416 | D        | Reached *** piety under Okawaru
   427 | D        | Noticed a sky beast
   451 | D        | Killed a sky beast
   451 | D        | Reached skill level 8 in Axes
   451 | D        | Reached XP level 7. HP: 28/60 MP: 8/11
   704 | D        | Noticed a deep elf mage
   708 | D        | Noticed a sixfirhy
   712 | D        | Killed a deep elf mage
   712 | D        | Reached skill level 10 in Axes
   712 | D        | Reached XP level 8. HP: 60/69 MP: 10/14
   724 | D        | Noticed Prince Ribbit
   729 | D        | Killed Prince Ribbit
   729 | D        | Reached **** piety under Okawaru
   795 | D        | Noticed a dream sheep
   798 | D        | Killed a dream sheep
   824 | D        | Reached skill level 11 in Axes
   824 | D        | Reached XP level 9. HP: 76/76 MP: 15/15
   833 | D        | Reached skill level 10 in Shields
   858 | D        | Noticed a deep elf mage
   858 | D        | Noticed a swamp dragon
   877 | D        | Killed a deep elf mage
   884 | D        | Killed a swamp dragon
   884 | D        | Reached ***** piety under Okawaru
   884 | D        | Reached skill level 10 in Fighting
   884 | D        | Reached skill level 12 in Axes
  1256 | D        | Noticed a bog body
  1268 | D        | Reached skill level 10 in Invocations
  1277 | D        | Killed a bog body
  1277 | D        | Reached skill level 10 in Armour
  1282 | D        | Reached XP level 10. HP: 38/86 MP: 10/17
  1288 | D        | Noticed Josephine
  1308 | D        | Killed from afar by Josephine

Levels and vault maps discovered:
D:        pitsprint [storerooms_1, entrance_room_1, metal_vault_7, armoury_2,
          mini_pit_1, grid_room_1, main_hall_1, silver_pit, the_coven_2,
          the_vestibule_1, steel_vault_3, golden_pit, hallway_of_sentries,
          crystal_vault_1, iron_vault_1, final_vault]

Skill      XL: |  1  2  3  4  5  6  7  8  9 |
---------------+----------------------------+-----
Fighting       | 5 6 7 8 9 10 | 10.7
Axes           | 5 6 8 10 11 12 | 12.8
Armour         | 5 6 8 9 10 | 10.5
Shields        | 5 6 7 9 11 | 11.4
Invocations    | 4 5 6 8 9 10 | 10.7

Action                   |  1- 3 |  4- 6 |  7- 9 | 10-12 || total
-------------------------+-------+-------+-------+-------++-------
Melee: War axe           |     7 |     8 |    74 |    18 ||   107
       Hand axe          |     5 |    45 |       |       ||    50
Invok: Heroism           |       |     2 |     4 |       ||     6
       Finesse           |       |       |     1 |       ||     1
  Use: Potion            |       |       |     4 |       ||     4
 Stab: Invisible         |       |       |     3 |       ||     3
  Eat: Chunk             |       |       |     3 |       ||     3
Armor: Scale mail        |     2 |    10 |    18 |       ||    30
       Chain mail        |       |       |     1 |     2 ||     3
Dodge: Dodged            |     2 |     6 |    24 |     5 ||    37
Block: Shield            |     8 |    31 |    40 |     4 ||    83
